 Dungeon Crawl Stone Soup version 0.20-b1-14-g8425815 (webtiles) character file.

16881 tof the Grappler (level 12, -5/119 HPs)
             Began as a Troll Monk on May 23, 2017.
             Slain by a killer bee (6 damage)
             ... on level 12 of the Dungeon.
             The game lasted 00:30:47 (10085 turns).

tof the Grappler (Troll Monk)                      Turns: 10085, Time: 00:30:48

Health: -5/119     AC:  5    Str: 22    XL:     12   Next: 14%
Magic:  11/11      EV: 12    Int:  6    God:
Gold:   73         SH: 11    Dex: 16    Spells: 11/11 levels left

rFire    + . .     SeeInvis .     - Unarmed
rCold    + . .     Gourm    +   N - +2 shield of Resistance {rF+ rC+ MR+}
rNeg     + . .     Faith    .   a - +0 robe
rPois    +         Spirit   .   (helmet restricted)
rElec    .         Reflect  .   (no cloak)
rCorr    .         Harm     .   (gloves unavailable)
MR       +....                  (boots unavailable)
Stlth    ++........             g - amulet of regeneration
Regen    1.1/turn               k - ring of positive energy
MPRegen  0.2/turn               w - ring of poison resistance

@: lethally poisoned (-5 -> -6)
A: unfitting armour, claws 3, fast metabolism 3, gourmand, regeneration 1,
shaggy fur 1, tough skin 2
a: no special abilities


You were on level 12 of the Dungeon.
You were full.

You visited 2 branches of the dungeon, and saw 13 of its levels.

You collected 799 gold pieces.
You spent 726 gold pieces at shops.

Inventory:

Hand Weapons
 b - the +7 hunting sling of Terror {venom, rC+ Stlth+}
   (You found it on level 4 of the Dungeon)

   It poisons the ammo it fires.
   It protects you from cold.
   It makes you more stealthy.
Missiles
 u - 34 sling bullets
 E - 4 tomahawks of returning (quivered)
 F - 7 tomahawks
Armour
 a - a +0 robe (worn)
 N - the +2 shield of Resistance (worn) {rF+ rC+ MR+}
   (You bought it in a shop on level 11 of the Dungeon)

   It protects you from fire.
   It protects you from cold.
   It affects your resistance to hostile enchantments.
Jewellery
 g - an amulet of regeneration (around neck)
 k - a ring of positive energy (left claw)
 w - a ring of poison resistance (right claw)
 z - a cursed ring of ice
 A - an uncursed ring of protection from magic
Wands
 K - a wand of iceblast (10/15)
 M - a wand of random effects (25/48)
 R - a wand of disintegration (13/24)
 T - a wand of iceblast (9/15)
 U - a wand of acid (9/15)
Scrolls
 c - 10 scrolls of identify {unknown}
 e - 8 scrolls of remove curse
 j - 2 scrolls of recharging {unknown}
 l - a scroll of fear {unknown}
 m - 7 scrolls of teleportation {unknown}
 n - 6 scrolls of enchant weapon {unknown}
 o - 3 scrolls of random uselessness {unknown}
 r - 2 scrolls of fog {unknown}
 s - 4 scrolls of magic mapping {unknown}
 x - a scroll of immolation {unknown}
 y - 4 scrolls of amnesia {unknown}
 H - a scroll of enchant armour {unknown}
 I - a scroll of brand weapon {unknown}
 L - a scroll of blinking {unknown}
 S - a scroll of torment {unknown}
Potions
 f - 2 potions of lignification {unknown}
 h - 2 potions of ambrosia {unknown}
 p - 2 potions of invisibility {unknown}
 q - 2 potions of berserk rage {unknown}
 B - a potion of degeneration {unknown}
 C - 5 potions of curing
 D - a potion of flight {unknown}
 J - a potion of might {unknown}
 P - a potion of heal wounds
 Q - 2 potions of magic {unknown}
Books
 G - a book of Cantrips

   Spells                             Type                      Level
   a - Confusing Touch                Hexes                        1
   b - Animate Skeleton               Necromancy                   1
   c - Summon Small Mammal            Summoning                    1
   d - Apportation                    Translocation                1
 O - a book of Misfortune

   Spells                             Type                      Level
   a - Confusing Touch                Hexes                        1
   b - Confuse                        Hexes                        3
   c - Gell's Gravitas                Translocation                3
   d - Petrify                        Transmutation/Earth          4
   e - Metabolic Englaciation         Hexes/Ice                    5
   f - Yara's Violent Unravelling     Hexes/Transmutation          5
Comestibles
 d - 18 royal jellies
 i - 6 meat rations
 t - 7 bread rations
 v - 4 fruits


   Skills:
 + Level 7.6 Fighting
 * Level 7.1 Slings
 + Level 7.7 Dodging
 - Level 1.0 Stealth
 + Level 2.1 Shields
 * Level 12.2 Unarmed Combat


You had 11 spell levels left.
You didn't know any spells.

Dungeon Overview and Level Annotations

Branches:
Dungeon (12/15)            Temple (1/1) D:6            Lair (0/6) D:8
    Orc (0/2) D:10

Altars:
Ashenzari
Cheibriados
Dithmenos
Elyvilon
Fedhas
Gozag
Hepliaklqana
Kikubaaqudgha
Makhleb
Nemelex Xobeh
Okawaru
Qazlal
Ru
Sif Muna
Trog
Uskayaw
Vehumet
Xom
Yredelemnul
Zin
The Shining One

Shops:
D:5 =   D:11 ([:!


Innate Abilities, Weirdness & Mutations

You are too large for most types of armour.
You have claws for hands.
Your metabolism is lightning-fast.
You like to eat raw meat.
Your natural rate of healing is unusually fast.
You are covered in fur. (AC +1)
You have very tough skin. (AC +2)


Message History

The orc hits you.
* * * LOW HITPOINT WARNING * * *
You block the killer bee's attack. The killer bee misses you.
You barely miss the killer bee.
The killer bee is lightly wounded.
The killer bee stings you.
* * * LOW HITPOINT WARNING * * *
You block the killer bee's attack. x2; The killer bee barely misses you.
You block the killer bee's attack. The killer bee completely misses you.
The killer bee closely misses you. The killer bee stings you!
* * * LOW HITPOINT WARNING * * *
You are lethally poisoned!
The killer bee poisons you!
The killer bee stings you but does no damage.
The killer bee closely misses you. x2
As you read the scroll labeled ICVARRULOU, it crumbles to dust.
You feel blessed for a moment.
It was a scroll of remove curse.
* * * LOW HITPOINT WARNING * * *
You feel sick. The killer bee stings you.
You die...

#≈≈≈...≈≈≈........
##................
#................
#..........####..
#.......####
#...oo..# #...#
#.ooSZ..# #...#
#.oyyy..# #...#
#.oy@yo.# #...###
#..yo...# #......
#.......#######......
#....................
#...............†....
#..............####'#
#.......######.#....#
#.......'>...#.'....#
#.......#....#.#[...#


You could see an orc warrior, 6 killer bees, an orc priest, an orc wizard, an
adder, 5 orcs and a centaur warrior skeleton.

Vanquished Creatures
  Josephine (D:10)
  Fannar (D:11)
  5 two-headed ogres
  An unseen horror (D:10)
  Pikel (D:7)
  A cyclops (D:11)
  A gargoyle (D:10)
  Grinder (D:4)
  4 hippogriffs
  8 slime creatures (D:12)
  6 wraiths
  2 vampire mosquitoes (D:12)
  3 water moccasins
  7 orc warriors
  6 ice beasts
  2 hell hounds (D:8)
  A black bear (D:12)
  A necrophage (D:10)
  3 slaves
  7 ogres
  5 centaurs
  6 bullfrogs
  A gnoll sergeant (D:10)
  7 killer bees (D:10)
  2 scorpions
  An electric eel (D:11)
  4 wights (D:11)
  2 howler monkeys (D:10)
  5 crimson imps
  A bullfrog zombie (D:11)
  4 centaur zombies
  A quasit (D:10)
  10 hounds
  4 jellies (D:8)
  8 orc priests
  A bullfrog skeleton (D:4)
  16 orc wizards
  Jessica (D:3)
  Natasha (twice) (D:2)
  4 iguanas
  8 worker ants
  The ghost of tof the Ruffian, a weakling TrTm (D:4)
  A hound zombie (D:9)
  A hound skeleton (D:4)
  13 gnolls
  11 adders
  2 shadow imps
  5 oozes (D:8)
  An adder skeleton (D:9)
  3 dart slugs
  5 leopard geckos
  38 orcs
  7 bats
  5 giant cockroaches
  7 goblins
  5 hobgoblins
  8 jackals
  5 quokkas
  A ball python (D:3)
  4 frilled lizards
  3 kobolds
  5 rats
286 creatures vanquished.

Vanquished Creatures (others)
  A hungry ghost (D:7)
  An orc warrior (D:7)
  An orc (D:7)
  A jackal (D:7)
4 creatures vanquished.

Grand Total: 290 creatures vanquished

Notes
Turn   | Place    | Note
-------+----------+-------------------------------------------
     0 | D:1      | tof the Troll Monk began the quest for the Orb.
     0 | D:1      | Reached XP level 1. HP: 22/22 MP: 0/0
   265 | D:1      | Reached XP level 2. HP: 29/29 MP: 1/1
   986 | D:2      | Noticed Natasha
   991 | D:2      | Killed Natasha
   991 | D:2      | Reached XP level 3. HP: 36/36 MP: 2/2
  1008 | D:2      | Reached skill level 4 in Unarmed Combat
  1168 | D:2      | Found an ancient bone altar of Kikubaaqudgha.
  1462 | D:2      | Noticed Natasha
  1470 | D:2      | Killed Natasha
  1470 | D:2      | Reached XP level 4. HP: 40/44 MP: 3/3
  1756 | D:3      | Noticed a centaur
  1765 | D:3      | Reached XP level 5. HP: 50/53 MP: 4/4
  1771 | D:3      | Killed a centaur
  1771 | D:3      | Reached skill level 5 in Unarmed Combat
  1864 | D:3      | Noticed Jessica
  1879 | D:3      | Killed Jessica
  1905 | D:3      | Reached XP level 6. HP: 58/61 MP: 5/5
  2482 | D:3      | Found a shimmering altar of Xom.
  2561 | D:4      | HP: 2/62 [ogre/giant spiked club (15)]
  2784 | D:4      | Noticed tof's ghost (weakling TrTm)
  2810 | D:4      | Killed tof's ghost
  2887 | D:4      | Reached skill level 6 in Unarmed Combat
  2887 | D:4      | Reached XP level 7. HP: 66/68 MP: 6/6
  2919 | D:4      | Noticed Grinder
  2943 | D:4      | Killed Grinder
  2986 | D:4      | Got a transparent hunting sling
  2997 | D:4      | Identified the +7 hunting sling of Terror {venom, rC+ Stlth+} (You found it on level 4 of the Dungeon)
  3319 | D:5      | Entered Level 5 of the Dungeon
  3550 | D:5      | Found a hide-covered altar of Uskayaw.
  3550 | D:5      | Found an opulent altar of Gozag.
  3622 | D:5      | Reached skill level 1 in Slings
  3622 | D:5      | Reached XP level 8. HP: 79/79 MP: 7/7
  3641 | D:5      | Reached skill level 7 in Unarmed Combat
  3781 | D:5      | Found Efepp's Jewellery Shoppe.
  3865 | D:5      | Reached skill level 5 in Fighting
  4342 | D:6      | Found a staircase to the Ecumenical Temple.
  4366 | Temple   | Entered the Ecumenical Temple
  4540 | D:6      | Noticed a hippogriff
  4549 | D:6      | Killed a hippogriff
  4549 | D:6      | Reached skill level 5 in Dodging
  4549 | D:6      | Reached skill level 8 in Unarmed Combat
  4839 | D:7      | Noticed a hippogriff
  4852 | D:6      | Killed a hippogriff
  4852 | D:6      | Reached XP level 9. HP: 33/88 MP: 8/8
  4915 | D:7      | Noticed Pikel
  4984 | D:7      | Killed Pikel
  5658 | D:8      | Reached skill level 9 in Unarmed Combat
  5691 | D:8      | Found a staircase to the Lair.
  6095 | D:8      | Found a deep blue altar of Sif Muna.
  6439 | D:8      | Reached XP level 10. HP: 90/98 MP: 9/9
  6828 | D:9      | Found an iron altar of Okawaru.
  6890 | D:9      | Noticed a two-headed ogre
  6896 | D:9      | Reached skill level 10 in Unarmed Combat
  6908 | D:9      | Killed a two-headed ogre
  6908 | D:9      | Reached skill level 5 in Slings
  7357 | D:10     | Entered Level 10 of the Dungeon
  7362 | D:10     | Noticed a gargoyle
  7368 | D:10     | Killed a gargoyle
  7665 | D:10     | Noticed Josephine
  7679 | D:10     | Killed Josephine
  7685 | D:10     | HP: 3/100 [wraith[Josephine] (11)]
  7781 | D:10     | Noticed a two-headed ogre
  7791 | D:10     | Killed a two-headed ogre
  7791 | D:10     | Reached XP level 11. HP: 95/107 MP: 10/10
  7807 | D:10     | Noticed a two-headed ogre
  7830 | D:10     | Killed a two-headed ogre
  7830 | D:10     | Reached skill level 11 in Unarmed Combat
  8138 | D:10     | Found a white marble altar of Elyvilon.
  8205 | D:10     | Killed an unseen horror
  8348 | D:10     | Found a staircase to the Orcish Mines.
  8561 | D:11     | Found Xiliteth's Antique Weapon Emporium.
  8630 | D:11     | Noticed a two-headed ogre
  8638 | D:11     | Killed a two-headed ogre
  8688 | D:11     | Found Ostrewa's Book Boutique.
  8765 | D:11     | Found Kalegen's Armour Shoppe.
  8806 | D:11     | Bought the +2 shield of Resistance {rF+ rC+ MR+} for 534 gold pieces
  8861 | D:11     | Noticed a two-headed ogre
  8868 | D:11     | Killed a two-headed ogre
  8964 | D:11     | Found Qeinang's Distillery.
  8968 | D:11     | Bought a potion of agility for 64 gold pieces
  8968 | D:11     | Bought a potion of curing for 48 gold pieces
  8968 | D:11     | Bought a potion of heal wounds for 80 gold pieces
  9060 | D:11     | Reached skill level 1 in Shields
  9275 | D:11     | Noticed Fannar
  9289 | D:11     | Killed Fannar
  9637 | D:12     | Reached skill level 12 in Unarmed Combat
  9642 | D:12     | Reached XP level 12. HP: 8/118 MP: 11/11
 10084 | D:12     | HP: 2/119 [killer bee (7)]
 10085 | D:12     | Slain by a killer bee

Skill      XL: |  1  2  3  4  5  6  7  8  9 10 11 12 |
---------------+-------------------------------------+-----
Unarmed Combat | 4 5 6 8 9 10 12 | 12.2
Fighting       | 3 4 5 6 7 |  7.6
Dodging        | 3 4 5 6 7 |  7.7
Slings         | 1 3 4 5 6 7 |  7.1
Shields        | 1 2 |  2.1
Stealth        | |  1.0

Action                   |  1- 3 |  4- 6 |  7- 9 | 10-12 || total
-------------------------+-------+-------+-------+-------++-------
Melee: Unarmed           |    51 |   120 |   169 |   209 ||   549
       Punch             |     1 |     1 |     7 |     2 ||    11
 Fire: Hunting sling     |       |       |   149 |   273 ||   422
  Use: Potion            |       |       |       |     1 ||     1
       Scroll            |       |       |       |     1 ||     1
 Stab: Sleeping          |     1 |     1 |       |       ||     2
  Eat: Chunk             |    16 |    16 |    32 |    30 ||    94
Armor: Robe              |    21 |    27 |    66 |    46 ||   160
Dodge: Dodged            |    34 |    66 |   155 |   180 ||   435
Block: Shield            |       |       |       |    60 ||    60
